 Dungeon Crawl Stone Soup version 0.21.1-1-g345015fe64 (webtiles) character file.

3913 BrokenGlass the Fighter (level 10, 0/87 HPs)
             Began as a Mummy Artificer on Mar 21, 2018.
             Was an Initiate of Gozag.
             Slain by a killer bee (4 damage)
             ... on level 8 of the Dungeon.
             The game lasted 00:15:42 (9501 turns).

BrokenGlass the Fighter (Mummy Artificer)           Turns: 9501, Time: 00:15:43

Health: 0/87       AC:  3    Str: 17    XL:     10   Next: 1%
Magic:  11/11      EV: 14    Int: 17    God:    Gozag
Gold:   412        SH:  0    Dex: 14    Spells: 9/9 levels left

rFire    x x .     SeeInvis .   u - +2 quarterstaff (chaos)
rCold    + . .     Gourm    .   (shield currently unavailable)
rNeg     + + +     Faith    .   b - +0 leather armour
rPois    ∞         Spirit   .   (no helmet)
rElec    .         Reflect  .   o - scarf {repulsion}
rCorr    .         Harm     .   (no gloves)
MR       +....                  (no boots)
Stlth    +++.......             (no amulet)
HPRegen  0.24/turn              C - ring "Belen" {Wiz rF- Int+6}
MPRegen  0.12/turn              (no ring)

@: gold aura, repel missiles
A: no food or potions, fire vulnerability, cold resistance 1, negative energy
resistance 3, torment resistance, unbreathing
a: Potion Petition, Call Merchant, Bribe Branch, Renounce Religion


You were on level 8 of the Dungeon.
You worshipped Gozag.
Gozag was aware of your devotion.
You were not hungry.

You visited 2 branches of the dungeon, and saw 9 of its levels.

You collected 659 gold pieces.
You spent 155 gold pieces at shops.
You paid 92 gold pieces to Gozag.

Inventory:

Hand Weapons
 a - a +0 short sword
 h - a +0 hunting sling
 u - a +2 quarterstaff of chaos (weapon)
Missiles
 i - 178 arrows
 k - 7 javelins (quivered)
 v - 22 bolts
 y - 18 sling bullets
 z - 3 tomahawks
 B - 47 poisoned needles
Armour
 b - a +0 leather armour (worn)
 o - a scarf of repulsion (worn)
 t - a +0 cloak
 A - a +0 chain mail
Jewellery
 c - an uncursed amulet of faith {unknown}
 x - an uncursed ring of fire
 C - the ring "Belen" (left hand) {Wiz rF- Int+6}
   (You bought it in a shop on level 7 of the Dungeon)

   [ring of wizardry]

   It improves your spell success rate.
   It affects your intelligence (+6).
   It makes you vulnerable to fire.
Wands
 d - a wand of enslavement (2)
 r - a wand of acid (5)
 w - a wand of polymorph (16)
Scrolls
 f - 3 scrolls of remove curse
 g - 4 scrolls of immolation
 j - 2 scrolls of blinking
 l - 3 scrolls of noise
 m - 8 scrolls of identify
 n - 4 scrolls of teleportation
 p - 2 scrolls of magic mapping {unknown}
 q - a scroll of amnesia {unknown}
 s - a scroll of random uselessness {unknown}
 D - 2 scrolls of fog {unknown}


   Skills:
 - Level 11.0 Fighting
 - Level 3.7 Short Blades
 * Level 4.2 Dodging
 - Level 5.8 Stealth
 - Level 2.4 Evocations


You had 9 spell levels left.
You didn't know any spells.

Dungeon Overview and Level Annotations

Branches:
Dungeon (8/15)             Temple (1/1) D:6
   Lair: D:8-11

Altars:
Ashenzari
Cheibriados
Elyvilon
Fedhas
Gozag
Hepliaklqana
Kikubaaqudgha
Makhleb
Nemelex Xobeh
Qazlal
Ru
Trog
Uskayaw
Wu Jian
Xom
Yredelemnul
Zin
The Shining One

Shops:
D:4 %   D:7 *

Annotations:
D:6 Lothor's ghost, novice DrBe


Innate Abilities, Weirdness & Mutations

You do not eat or drink.
Your flesh is vulnerable to fire.
You are immune to poison.
Your flesh is cold resistant. (rC+)
You are immune to negative energy. (rN+++)
You are immune to unholy pain and torment.
You can survive without breathing.


Message History

The killer bee stings you.
* * * LOW HITPOINT WARNING * * *
The killer bee misses you.
The killer bee stings you but does no damage.
Unknown command.
Unknown command.
You barely miss the killer bee. The killer bee barely misses you.
The killer bee stings you.
* * * LOW HITPOINT WARNING * * *
The killer bee barely misses you.
Unknown command.
Unknown command.
You sock the killer bee!
The killer bee is almost dead.
The killer bee barely misses you.
The killer bee stings you but does no damage.
Unknown command.
The killer bee stings you.
You die...
Your body crumbles into a pile of gold.

.. #. ##.##.......#
#..... ... #.
#.....).....# ##.#..
...##.####.##y...##.#
##.#.. oKo..#
#.##.#####.# #.....
#oy###y##...<...###
#..###
#yyy$.y####.......#
#..### #..#####
#c#####.# ###....#
#..#
#y##.##.###.......
....#
#@#.#.......#>....
.....#
#$##.##.##.###.###
####### #.##.##.##.#
#.##. #.......##.#
#(##.
####.#.#.#.###.##.
#..###..#...... #.##
##.#......
##.###.##......
#.#.###......


You could see a centaur and a killer bee.

Vanquished Creatures
  Pikel (D:8)
  The ghost of syranez the Fighter, a novice OgBe of Trog (D:5)
  Psyche (D:8)
  A human (D:7)
  Sigmund (D:5)
  2 hogs (D:7)
  A yak (D:7)
  An orc warrior (D:7)
  3 ice beasts
  3 centaurs
  A big kobold (D:7)
  Blork the orc (D:6)
  A bullfrog (D:7)
  3 scorpions
  2 killer bees (D:8)
  4 wights (D:7)
  5 crimson imps
  A centaur zombie (D:5)
  A hound (D:4)
  Crazy Yiuf (D:3)
  3 jellies
  An orc wizard (D:7)
  A centaur skeleton (D:4)
  2 iguanas
  6 worker ants
  3 gnolls (D:8)
  9 adders
  2 shadow imps
  2 oozes
  An adder skeleton (D:5)
  A leopard gecko (D:3)
  10 orcs
  8 giant cockroaches
  6 hobgoblins
  9 jackals
  12 kobolds
  3 quokkas
  8 bats
  7 frilled lizards
  7 goblins
  A jackal zombie (D:8)
  8 rats
145 creatures vanquished.

Vanquished Creatures (collateral kills)
  Grinder (D:5)
  A hog (D:7)
  A scorpion (D:5)
  An adder (D:5)
4 creatures vanquished.

Vanquished Creatures (others)
  2 slaves (D:8)
  2 big kobolds (D:8)
  5 kobolds (D:8)
9 creatures vanquished.

Grand Total: 158 creatures vanquished

Notes
Turn   | Place    | Note
-------+----------+-------------------------------------------
     0 | D:1      | BrokenGlass the Mummy Artificer began the quest for the Orb.
     0 | D:1      | Reached XP level 1. HP: 15/15 MP: 2/2
    39 | D:1      | Reached skill level 2 in Fighting
   327 | D:1      | Reached XP level 2. HP: 21/22 MP: 3/3
  1049 | D:2      | Reached skill level 1 in Stealth
  1266 | D:2      | Reached skill level 1 in Short Blades
  1266 | D:2      | Reached XP level 3. HP: 17/28 MP: 4/4
  2105 | D:3      | Reached skill level 3 in Fighting
  2105 | D:3      | Reached XP level 4. HP: 20/35 MP: 5/5
  2295 | D:3      | HP: 1/35 [crimson imp/mace (2)]
  2614 | D:3      | Found a runed door.
  2934 | D:3      | Found a sparkling altar of Nemelex Xobeh.
  3071 | D:3      | Reached XP level 5. HP: 38/41 MP: 6/6
  3325 | D:3      | Noticed Crazy Yiuf
  3329 | D:3      | Killed Crazy Yiuf
  3653 | D:4      | Reached XP level 6. HP: 33/48 MP: 7/7
  3685 | D:4      | HP: 2/48 [orc/flail (1)]
  4000 | D:4      | Reached skill level 4 in Fighting
  4025 | D:4      | Found Musa's Food Boutique.
  4383 | D:5      | Entered Level 5 of the Dungeon
  4442 | D:5      | Noticed an ice beast
  4442 | D:5      | Noticed an ice beast
  4498 | D:5      | Killed an ice beast
  4499 | D:5      | Killed an ice beast
  4499 | D:5      | Reached XP level 7. HP: 40/55 MP: 8/8
  4635 | D:5      | Noticed syranez's ghost (novice OgBe)
  4638 | D:5      | Noticed Grinder
  4694 | D:5      | Killed Grinder
  4714 | D:5      | Killed syranez's ghost
  4714 | D:5      | Reached skill level 5 in Fighting
  4714 | D:5      | Reached skill level 5 in Stealth
  5035 | D:5      | Reached XP level 8. HP: 42/62 MP: 9/9
  5426 | D:5      | Noticed Sigmund
  5692 | D:5      | Killed Sigmund
  5692 | D:5      | Reached skill level 6 in Fighting
  5918 | D:6      | Noticed Lothor's ghost (novice DrBe)
  6004 | D:6      | Noticed Blork the orc
  6251 | D:6      | Killed Blork the orc
  6251 | D:6      | Reached skill level 7 in Fighting
  6326 | D:6      | Found a staircase to the Ecumenical Temple.
  6347 | Temple   | Entered the Ecumenical Temple
  6379 | Temple   | Became a worshipper of Gozag Ym Sagoz the Greedy
  7088 | D:6      | Found a shimmering altar of Xom.
  7345 | D:7      | Found Uppeluleunt's Assorted Antiques.
  7360 | D:7      | Bought a slimy lapis lazuli ring for 155 gold pieces
  7360 | D:7      | Identified the ring "Belen" {Wiz rF- Int+6} (You bought it in a shop on level 7 of the Dungeon)
  7407 | D:7      | Reached skill level 8 in Fighting
  7432 | D:7      | Found a burning altar of Makhleb.
  7884 | D:7      | Reached XP level 9. HP: 75/75 MP: 10/10
  7917 | D:7      | Found a sacrificial altar of Ru.
  7926 | D:7      | Reached skill level 9 in Fighting
  8026 | D:7      | Reached skill level 10 in Fighting
  8039 | D:7      | HP: 3/78 [human/hand axe (6)]
  8929 | D:8      | Noticed Pikel
  8943 | D:8      | Killed Pikel
  8943 | D:8      | Reached skill level 11 in Fighting
  9110 | D:8      | Noticed Psyche
  9122 | D:8      | Killed Psyche
  9338 | D:8      | Found a sparkling altar of Nemelex Xobeh.
  9483 | D:8      | Reached XP level 10. HP: 41/87 MP: 11/11
  9499 | D:8      | HP: 4/87 [killer bee (5)]
  9501 | D:8      | Slain by a killer bee

Skill      XL: |  1  2  3  4  5  6  7  8  9 |
---------------+----------------------------+-----
Fighting       | 2 3 4 5 8 11 | 11.0
Stealth        | 1 2 3 4 5 |  5.8
Short Blades   | 1 2 3 |  3.7
Dodging        | 4 |  4.2
Evocations     | |  2.4

Action                   |  1- 3 |  4- 6 |  7- 9 | 10-12 || total
-------------------------+-------+-------+-------+-------++-------
Melee: Short sword       |   133 |    70 |       |       ||   203
       Quarterstaff      |       |    79 |   266 |    10 ||   355
Throw: Javelin           |       |     2 |       |       ||     2
Evoke: Wand              |     4 |     9 |    30 |     1 ||    44
  Use: Scroll            |       |     1 |     5 |       ||     6
 Stab: Sleeping          |     8 |     1 |     5 |       ||    14
       Paralysed         |       |     1 |       |       ||     1
       Petrified         |       |     3 |     2 |       ||     5
       Confused          |       |       |     4 |       ||     4
       Distracted        |       |       |     1 |       ||     1
       Petrifying        |       |       |     1 |       ||     1
Armor: Leather armour    |    35 |    43 |    62 |     4 ||   144
Dodge: Dodged            |    88 |    85 |   193 |    14 ||   380
       Deflected         |       |       |     4 |       ||     4
